 Dungeon Crawl Stone Soup version 0.20.1-1-g8b1a95d (console) character file.

92 hilaritas the Digger (level 4, -3/33 HPs)
             Began as a Demigod Earth Elementalist on Jan 25, 2018.
             Slain by Crazy Yiuf
             ... wielding a +4 quarterstaff of chaos
              (12 damage)
             ... on level 2 of the Dungeon.
             The game lasted 00:06:00 (2620 turns).

hilaritas the Digger (Demigod Earth Elementalist)   Turns: 2620, Time: 00:06:01

Health: -3/33      AC:  2    Str: 11    XL:     4   Next: 13%
Magic:  2/10       EV: 13    Int: 21    God:
Gold:   69         SH:  0    Dex: 16    Spells: 4/8 levels left

rFire    . . .     SeeInvis .   g - +0 dagger
rCold    . . .     Gourm    .   (no shield)
rNeg     . . .     Faith    .   c - +0 robe
rPois    .         Spirit   .   (no helmet)
rElec    .         Reflect  .   (no cloak)
rCorr    .         Harm     .   (no gloves)
MR       .....                  (no boots)
Stlth    ++........             (no amulet)
Regen    0.2/turn               (no ring)
MPRegen  0.2/turn               (no ring)

@: very slightly contaminated, slowed, very slow
A: high mp 1
a: no special abilities


You were on level 2 of the Dungeon.
You were very hungry.

You visited 1 branch of the dungeon, and saw 2 of its levels.

You collected 69 gold pieces.

Inventory:

Hand Weapons
 g - a +0 dagger (weapon)
Missiles
 k - 64 arrows
Armour
 c - a +0 robe (worn)
Potions
 a - a potion of flight
 f - a potion of degeneration {unknown}
 i - 3 potions of might {unknown}
 l - a potion of cancellation {unknown}
 m - a potion of mutation {unknown}
Books
 e - a book of Geomancy

   Spells                             Type                      Level
   a - Sandblast                      Earth                        1
   b - Passwall                       Transmutation/Earth          2
   c - Stone Arrow                    Conjuration/Earth            3
   d - Petrify                        Transmutation/Earth          4
   e - Lee's Rapid Deconstruction     Earth                        5
Comestibles
 d - 6 bread rations
 j - a meat ration


   Skills:
 * Level 2.2 Dodging
 - Level 1.7 Stealth
 + Level 2.6 Spellcasting
 * Level 1.0 Conjurations
   Level 0.8 Transmutations
 + Level 3.6 Earth Magic


You had 4 spell levels left.
You knew the following spells:

 Your Spells              Type           Power        Failure   Level  Hunger
a - Sandblast             Erth           ###...       3%          1    None
b - Stone Arrow           Conj/Erth      ##....       16%         3    ###....


Dungeon Overview and Level Annotations

Branches:
Dungeon (2/15)

Annotations:
D:2 Crazy Yiuf


Innate Abilities, Weirdness & Mutations

You have an increased reservoir of magic. (+10% MP)


Message History

Crazy Yiuf is heavily wounded.
Crazy Yiuf closely misses you.
You barely miss Crazy Yiuf.
Crazy Yiuf is heavily wounded.
You hit Crazy Yiuf but do no damage.
Crazy Yiuf is heavily wounded.
Crazy Yiuf hits you with a quarterstaff of chaos!
Crazy Yiuf burns you.
You hit Crazy Yiuf.
Crazy Yiuf is severely wounded.
Crazy Yiuf hits you with a quarterstaff of chaos!
You hit Crazy Yiuf but do no damage.
Crazy Yiuf is severely wounded.
Crazy Yiuf hits you with a quarterstaff of chaos.
You feel yourself slow down.
You barely miss Crazy Yiuf.
Crazy Yiuf is severely wounded.
Crazy Yiuf barely misses you.
Crazy Yiuf hits you with a quarterstaff of chaos!
You die...

....# ####
#...## .##.#
#..# #....#
..#.# #..#
#+..'#
..#.#####..#
♣....♣
..........>#
♣♣...♣
..#.##.....#
♣♣.♣♣
..#.##.....#
♣♣.♣
#.#........#
♣.♣♣
#.#.....##.#
♣♣.♣
#.##.##.##.#
♣)♣♣
#....##.##.# #@#
####.##.##.#
#.g.#
.........#.#
#)).#
......#..#.#
#).)#
.###..#..#.#
#####
...#..#..#.#
.#.##.#..#.#####
###
.#.............#
#.#
.#.........#.###
#.#
.#.#########'###
#.#
.#.########....#
#.#


You could see Crazy Yiuf.

Vanquished Creatures
  4 adders (D:2)
  An ooze (D:2)
  2 worms (D:2)
  A dart slug (D:2)
  2 leopard geckos (D:1)
  9 bats
  A giant cockroach (D:2)
  6 goblins
  4 hobgoblins (D:2)
  3 jackals (D:2)
  A ball python (D:2)
  4 frilled lizards
  2 kobolds (D:1)
  2 rats
42 creatures vanquished.

Notes
Turn   | Place    | Note
-------+----------+-------------------------------------------
     0 | D:1      | hilaritas the Demigod Earth Elementalist began the quest for the Orb.
     0 | D:1      | Reached XP level 1. HP: 14/14 MP: 5/5
   207 | D:1      | Reached skill level 3 in Earth Magic
   219 | D:1      | Reached XP level 2. HP: 20/20 MP: 4/7
  1079 | D:2      | Reached XP level 3. HP: 25/26 MP: 7/9
  1096 | D:2      | Learned a level 3 spell: Stone Arrow
  1979 | D:2      | Reached skill level 1 in Conjurations
  1979 | D:2      | Reached XP level 4. HP: 33/33 MP: 6/10
  2067 | D:2      | Found a runed door.
  2610 | D:2      | Noticed Crazy Yiuf
  2620 | D:2      | Slain by Crazy Yiuf

Skill      XL: |  1  2  3 |
---------------+----------+-----
Earth Magic    | 3 |  3.6
Spellcasting   | 2 |  2.6
Dodging        | 2 |  2.2
Conjurations   | 1 |  1.0
Stealth        | |  1.7
Transmutations | |  0.8

Action                   |  1- 3 |  4- 6 || total
-------------------------+-------+-------++-------
Melee: Dagger            |    59 |    25 ||    84
 Cast: Sandblast         |    34 |       ||    34
       Stone Arrow       |     4 |     6 ||    10
  Use: Scroll            |     7 |       ||     7
 Stab: Sleeping          |     2 |       ||     2
  Eat: Chunk             |     4 |     2 ||     6
Armor: Robe              |    16 |     4 ||    20
Dodge: Dodged            |    44 |    10 ||    54
